BR (22 & UNDER)
ALABAMA SHAKES @ LONG BEACH KO
09/29/2030
 
TOP OF THE 1ST
Alabama Shakes batting - Pitching for Long Beach KO : LHP Marc O'Dwyer
Pitching: LHP Marc O'Dwyer
Batting: RHB Tim Oliver 0-0: Ground out 1-3 (Groundball, 15)
Batting: RHB Travis Alexander 0-0: Swinging Strike
0-1: Ball
1-1: Foul Ball, location: 2F
1-2: Strikes out swinging
Batting: LHB Edgardo Molina 0-0: SINGLE (Groundball, 4MD)
Batting: RHB Will Hinkle 0-0: Called Strike
0-1: Ground out 3-1 (Groundball, 34S)
Top of the 1st over - 0 runs, 1 hit, 0 errors, 1 left on base; Alabama 0 - Long Beach 0
BOTTOM OF THE 1ST
Long Beach KO batting - Pitching for Alabama Shakes : RHP Xavier Feliciano
Pitching: RHP Xavier Feliciano
Batting: RHB Gabriel Sánchez 0-0: Foul Ball, location: 2F
0-1: Ball
1-1: Ground out 5-3 (Groundball, 56S)
Batting: RHB Cristián Romano 0-0: Ground out 4-3 (Groundball, 34)
Batting: RHB Ralph Petit 0-0: Called Strike
0-1: Fly out, F7 (Flyball, 7S)
Bottom of the 1st over - 0 runs, 0 hits, 0 errors, 0 left on base; Alabama 0 - Long Beach 0
TOP OF THE 2ND
Alabama Shakes batting - Pitching for Long Beach KO : LHP Marc O'Dwyer
Batting: RHB Andrés Aguirre 0-0: Fly out, F9 (Flyball, 89M)
Batting: LHB Brett Anderson 0-0: Ball
1-0: Called Strike
1-1: Swinging Strike
1-2: Ball
2-2: Foul Ball, location: 2F
2-2: Ground out 3-1 (Groundball, 34)
Batting: RHB Darrell McCoy 0-0: Foul Ball, location: 2F
0-1: Foul Ball, location: 2F
0-2: Hit by Pitch
Batting: RHB Mark Jackson 0-0: Ball
1-0: Fly out, F7 (Flyball, 7LD)
Top of the 2nd over - 0 runs, 0 hits, 0 errors, 1 left on base; Alabama 0 - Long Beach 0
BOTTOM OF THE 2ND
Long Beach KO batting - Pitching for Alabama Shakes : RHP Xavier Feliciano
Batting: LHB Michael Keller 0-0: Foul Ball, location: 2F
0-1: Ball
1-1: Fly out, F9 (Line Drive, 89M)
Batting: RHB Alec Bowers 0-0: Ball
1-0: Fly out, F3 (Line Drive, 3)
Batting: RHB Rodrigo Flores 0-0: Fly out, F8 (Line Drive, 8LD)
Bottom of the 2nd over - 0 runs, 0 hits, 0 errors, 0 left on base; Alabama 0 - Long Beach 0
TOP OF THE 3RD
Alabama Shakes batting - Pitching for Long Beach KO : LHP Marc O'Dwyer
Batting: RHB Roberto Ruíz 0-0: DOUBLE (Line Drive, 89XD)
Batting: RHB Tim Oliver 0-0: Ball
1-0: Ball
2-0: Swinging Strike
2-1: Swinging Strike
2-2: Foul Ball, location: 2F
2-2: Ball
3-2: Base on Balls
Batting: RHB Travis Alexander 0-0: Ball
1-0: DOUBLE (Line Drive, 7LS)
Roberto Ruíz scores
Tim Oliver to third
Runner from 3rd tries for Home, SAFE, no throw
Batting: LHB Edgardo Molina 0-0: Called Strike
0-1: SINGLE (Line Drive, 56D)
Travis Alexander to third
Batting: RHB Will Hinkle 0-0: Ball
1-0: Ball
2-0: Grounds into double play, 6-4-3 (Groundball, 6)
Travis Alexander scores
Batting: RHB Andrés Aguirre 0-0: Fly out, F8 (Flyball, 8RD)
Top of the 3rd over - 3 runs, 3 hits, 0 errors, 0 left on base; Alabama 3 - Long Beach 0
BOTTOM OF THE 3RD
Long Beach KO batting - Pitching for Alabama Shakes : RHP Xavier Feliciano
Batting: RHB Kenny Canady 0-0: Foul Ball, location: 2F
0-1: Called Strike
0-2: Foul Ball, location: 2F
0-2: Foul Ball, location: 2F
0-2: Ball
1-2: Ground out 6-3 (Groundball, 6M)
Batting: SHB Juan Pérez 0-0: Swinging Strike
0-1: Swinging Strike
0-2: Strikes out swinging
Batting: RHB Gianmaria Pianta 0-0: Ball
1-0: Fly out, F9 (Flyball, 9)
Bottom of the 3rd over - 0 runs, 0 hits, 0 errors, 0 left on base; Alabama 3 - Long Beach 0
TOP OF THE 4TH
Alabama Shakes batting - Pitching for Long Beach KO : LHP Marc O'Dwyer
Batting: LHB Brett Anderson 0-0: Called Strike
0-1: Ball
1-1: Called Strike
1-2: Ball
2-2: Ground out 4-3 (Groundball, 4)
Batting: RHB Darrell McCoy 0-0: Ball
1-0: SINGLE (Groundball, 6MD)
Batting: RHB Mark Jackson 0-0: Called Strike
0-1: Called Strike
Darrell McCoy is caught stealing 2nd base
0-2: SINGLE (Groundball, 6) (infield hit)
Batting: RHB Roberto Ruíz 0-0: Called Strike
0-1: Ground out U3 (Groundball, 3L)
Top of the 4th over - 0 runs, 2 hits, 0 errors, 1 left on base; Alabama 3 - Long Beach 0
BOTTOM OF THE 4TH
Long Beach KO batting - Pitching for Alabama Shakes : RHP Xavier Feliciano
Batting: RHB Gabriel Sánchez 0-0: Fly out, F9 (Flyball, 9D)
Batting: RHB Cristián Romano 0-0: Ball
1-0: Ball
2-0: SINGLE (Line Drive, 7LS)
Batting: RHB Ralph Petit 0-0: Ball
1-0: Called Strike
1-1: Fielders Choice at 2nd, 5-4 (Groundball, 56)
Pitching: RHP Jim Pope
Batting: LHB Michael Keller 0-0: Ball
Wild Pitch!
Ralph Petit to second
1-0: Ground out U3 (Groundball, 3)
Bottom of the 4th over - 0 runs, 1 hit, 0 errors, 1 left on base; Alabama 3 - Long Beach 0
TOP OF THE 5TH
Alabama Shakes batting - Pitching for Long Beach KO : LHP Marc O'Dwyer
Batting: RHB Tim Oliver 0-0: Foul Ball, location: 2F
0-1: Ball
1-1: Ball
2-1: Swinging Strike
2-2: Ground out 6-3 (Groundball, 6)
Batting: RHB Travis Alexander 0-0: Swinging Strike
0-1: Swinging Strike
0-2: Ground out 5-3 (Groundball, 56)
Batting: LHB Edgardo Molina 0-0: Fly out, F7 (Line Drive, 7)
Top of the 5th over - 0 runs, 0 hits, 0 errors, 0 left on base; Alabama 3 - Long Beach 0
BOTTOM OF THE 5TH
Long Beach KO batting - Pitching for Alabama Shakes : RHP Jim Pope
Batting: RHB Alec Bowers 0-0: Foul Ball, location: 2F
0-1: Foul Ball, location: 2F
0-2: Ground out 4-3 (Groundball, 4M)
Batting: RHB Rodrigo Flores 0-0: Ball
1-0: Called Strike
1-1: Ball
2-1: Foul Ball, location: 2F
2-2: Foul Ball, location: 2F
2-2: Foul Ball, location: 2F
2-2: Foul Ball, location: 2F
2-2: Fly out, F7 (Flyball, 7S)
Batting: RHB Kenny Canady 0-0: Foul Ball, location: 2F
0-1: Foul Ball, location: 2F
0-2: Strikes out swinging
Bottom of the 5th over - 0 runs, 0 hits, 0 errors, 0 left on base; Alabama 3 - Long Beach 0
TOP OF THE 6TH
Alabama Shakes batting - Pitching for Long Beach KO : LHP Marc O'Dwyer
Batting: RHB Will Hinkle 0-0: SINGLE (Line Drive, 89S)
Batting: RHB Andrés Aguirre 0-0: Called Strike
0-1: Ball
1-1: Called Strike
1-2: Ball
2-2: Ball
3-2: SINGLE (Groundball, 6MD)
Will Hinkle to second
Batting: LHB Brett Anderson 0-0: Grounds into double play, 4-6-3 (Groundball, 4)
Will Hinkle to third
Batting: RHB Darrell McCoy 0-0: Foul Ball, location: 2F
0-1: Swinging Strike
0-2: Ground out 1-3 (Groundball, 15S)
Top of the 6th over - 0 runs, 2 hits, 0 errors, 1 left on base; Alabama 3 - Long Beach 0
BOTTOM OF THE 6TH
Long Beach KO batting - Pitching for Alabama Shakes : RHP Jim Pope
Batting: SHB Juan Pérez 0-0: Foul Ball, location: 2F
0-1: Ball
1-1: Foul Ball, location: 2F
1-2: Ground out 4-3 (Groundball, 4MS)
Batting: RHB Gianmaria Pianta 0-0: Called Strike
0-1: Ball
1-1: Ball
2-1: Ball
3-1: Foul Ball, location: 2F
3-2: Ground out 1-3 (Groundball, P)
Batting: RHB Gabriel Sánchez 0-0: Ball
1-0: Foul Ball, location: 2F
1-1: Swinging Strike
1-2: Foul Ball, location: 2F
1-2: Ball
2-2: Ball
3-2: Base on Balls
Batting: RHB Cristián Romano 0-0: Ball
Gabriel Sánchez is caught stealing 2nd base
Bottom of the 6th over - 0 runs, 0 hits, 0 errors, 0 left on base; Alabama 3 - Long Beach 0
TOP OF THE 7TH
Alabama Shakes batting - Pitching for Long Beach KO : LHP Marc O'Dwyer
Batting: RHB Mark Jackson 0-0: Ball
1-0: Called Strike
1-1: Called Strike
1-2: Ball
2-2: Strikes out swinging
Batting: RHB Roberto Ruíz 0-0: Called Strike
0-1: Foul Ball, location: 2F
0-2: Fly out, F9 (Flyball, 9LM)
Batting: RHB Tim Oliver 0-0: Called Strike
0-1: Ball
1-1: Ground out 5-3 (Groundball, 5)
Top of the 7th over - 0 runs, 0 hits, 0 errors, 0 left on base; Alabama 3 - Long Beach 0
BOTTOM OF THE 7TH
Long Beach KO batting - Pitching for Alabama Shakes : RHP Jim Pope
Batting: RHB Cristián Romano 0-0: Ball
1-0: Called Strike
1-1: Fly out, F9 (Flyball, 89M)
Batting: RHB Ralph Petit 0-0: Ball
1-0: Ball
2-0: Foul Ball, location: 2F
2-1: Fly out, F9 (Flyball, 89S)
Batting: LHB Michael Keller 0-0: Called Strike
0-1: Ball
1-1: Foul Ball, location: 2F
1-2: Ball
2-2: SINGLE (Line Drive, 56D)
Batting: RHB Alec Bowers 0-0: Called Strike
0-1: SINGLE (Line Drive, 7S)
Michael Keller to second
Batting: RHB Rodrigo Flores 0-0: Ball
1-0: Ball
2-0: Ball
3-0: Called Strike
3-1: Swinging Strike
3-2: Base on Balls
Michael Keller to third
Alec Bowers to second
Pitching: RHP José Soto
Batting: RHB Kenny Canady 0-0: Called Strike
0-1: Swinging Strike
0-2: Strikes out swinging
Bottom of the 7th over - 0 runs, 2 hits, 0 errors, 3 left on base; Alabama 3 - Long Beach 0
TOP OF THE 8TH
Alabama Shakes batting - Pitching for Long Beach KO : LHP Marc O'Dwyer
Batting: RHB Travis Alexander 0-0: Ball
1-0: Fly out, F9 (Flyball, 89S)
Batting: LHB Edgardo Molina 0-0: Called Strike
0-1: SOLO HOME RUN (Flyball, 9D), Distance : 362 ft
Batting: RHB Will Hinkle 0-0: Ball
1-0: Ball
2-0: Fly out, F5 (Popup, 25)
Batting: RHB Andrés Aguirre 0-0: Ground out U3 (Groundball, 3S)
Top of the 8th over - 1 run, 1 hit, 0 errors, 0 left on base; Alabama 4 - Long Beach 0
BOTTOM OF THE 8TH
Long Beach KO batting - Pitching for Alabama Shakes : RHP José Soto
Batting: SHB Juan Pérez 0-0: Called Strike
0-1: Called Strike
0-2: Ball
1-2: Foul Ball, location: 2F
1-2: Foul Ball, location: 2F
1-2: Fly out, F9 (Flyball, 9LM)
Batting: RHB Gianmaria Pianta 0-0: Swinging Strike
0-1: Ball
1-1: Foul Ball, location: 2F
1-2: Ball
2-2: Fly out, F3 (Popup, 3SF)
Batting: RHB Gabriel Sánchez 0-0: Called Strike
0-1: Ball
1-1: Called Strike
1-2: Ball
2-2: SINGLE (Flyball, 7S)
Batting: RHB Cristián Romano 0-0: Ball
1-0: Ball
2-0: SINGLE (Groundball, 56) (infield hit)
Gabriel Sánchez to second
Batting: RHB Ralph Petit 0-0: Ball
1-0: DOUBLE (Line Drive, 7LM)
Gabriel Sánchez scores
Cristián Romano to third
Runner from 3rd tries for Home, SAFE, no throw
Pitching: LHP Lorenzo Cruz
Batting: LHB Michael Keller 0-0: Called Strike
0-1: Ball
1-1: Ball
2-1: Ground out U3 (Groundball, 3)
Bottom of the 8th over - 2 runs, 3 hits, 0 errors, 1 left on base; Alabama 4 - Long Beach 2
TOP OF THE 9TH
Alabama Shakes batting - Pitching for Long Beach KO : LHP Marc O'Dwyer
Batting: LHB Brett Anderson 0-0: Called Strike
0-1: Foul Ball, location: 2F
0-2: Fly out, F9 (Line Drive, 9)
Batting: RHB Darrell McCoy 0-0: Hit by Pitch
Batting: RHB Mark Jackson 0-0: Ball
1-0: Ball
2-0: Called Strike
2-1: Called Strike
2-2: Strikes out swinging
Batting: RHB Roberto Ruíz 0-0: Ball
1-0: Called Strike
1-1: Swinging Strike
1-2: Ball
2-2: Strikes out swinging
Top of the 9th over - 0 runs, 0 hits, 0 errors, 1 left on base; Alabama 4 - Long Beach 2
BOTTOM OF THE 9TH
Long Beach KO batting - Pitching for Alabama Shakes : LHP Lorenzo Cruz
Pitching: RHP Brian Gardner
Now at 2B: Ben Martínez
Now in RF: Ramón Rojas
Batting: RHB Alec Bowers 0-0: Called Strike
0-1: Called Strike
0-2: Ball
1-2: Ground out U3 (Groundball, 34)
Batting: RHB Rodrigo Flores 0-0: Called Strike
0-1: Swinging Strike
0-2: Strikes out looking
Batting: RHB Kenny Canady 0-0: Fly out, F7 (Line Drive, 7)
Bottom of the 9th over - 0 runs, 0 hits, 0 errors, 0 left on base; Alabama 4 - Long Beach 2
Saturday, April 7th, 2018 - OOTP Baseball 18.8 Build 76